[Event "2026 European Womens Championship"]
[Site "Batumi, GE"]
[Date "2026.06.05"]
[Round "11"]
[White "Nomin-Erdene, Davaademberel"]
[Black "Ushenina, Anna"]
[Result "0-1"]
[Board "4"]
[TimeControl "5400+30"]
[WhiteFideId "4900782"]
[BlackFideId "14110911"]
[WhiteElo "2328"]
[BlackElo "2420"]
[WhiteTitle "IM"]
[BlackTitle "GM"]
[WhiteClock "0:00:42"]
[BlackClock "0:13:03"]
[Variant "Standard"]

1. e4 c5 2. Nf3 Nc6 3. d4 cxd4 4. Nxd4 Qb6 5. Nb3 g6 6. c4 Bg7 7. Nc3 Bxc3+ 8. bxc3 d6 9. Be3 Qc7 10. c5 dxc5 11. Nxc5 Nf6 12. f3 O-O 13. Be2 b6 14. Nb3 Ne5 15. O-O Be6 16. Bd4 Rac8 17. Qe1 Bc4 18. f4 Ned7 19. Bxc4 Qxc4 20. e5 Ne8 21. f5 gxf5 22. Rxf5 Ng7 23. Rg5 Kh8 24. Qh4 Qe6 25. Re1 Rg8 26. Rf1 f6 27. exf6 exf6 28. Rg6 Nf5 29. Rxf6 Rxg2+ 30. Kh1 Nxf6 31. Qxf6+ Qxf6 32. Bxf6+ Kg8 33. Rxf5 Rxa2 34. Rf1 Kf7 35. Bd4+ Ke6 36. Nc1 Ra1 37. Kg2 Rg8+ 38. Kh3 b5 39. Rf6+ Ke7 40. Nd3 Rf8 41. Rh6 Rf3+ 42. Kg4 Rxd3 43. Rxh7+ Ke6 44. Rh6+ Kf7 45. Rh7+ Kg6 46. Rb7 Rd2 47. Bxa7 Rxh2 48. Bc5 Rf1 49. Bd4 Rg2+ 50. Kh3 Rg5 51. Rb6+ Kh5 52. Kh2 Rf4 0-1

[Event "2026 European Womens Championship"]
[Site "Batumi, GE"]
[Date "2026.06.05"]
[Round "11"]
[White "Roebers, Eline"]
[Black "Olde, Margareth"]
[Result "1/2-1/2"]
[Board "5"]
[TimeControl "5400+30"]
[WhiteFideId "1058401"]
[BlackFideId "4503082"]
[WhiteElo "2389"]
[BlackElo "2194"]
[WhiteTitle "IM"]
[BlackTitle "WIM"]
[WhiteClock "0:02:55"]
[BlackClock "0:02:52"]
[Variant "Standard"]

1. e4 e5 2. Nf3 Nc6 3. Bb5 a6 4. Ba4 b5 5. Bb3 Na5 6. Nc3 d6 7. d4 exd4 8. Qxd4 Bb7 9. Qd3 Nf6 10. O-O Be7 11. Bf4 O-O 12. Rad1 Nxb3 13. axb3 Nd7 14. Rfe1 Bf6 15. Nd4 Re8 16. b4 Ne5 17. Qg3 Ng6 18. Bc1 Qd7 19. Bg5 Bxg5 20. Qxg5 f6 21. Qg3 Qf7 22. Nf5 Kh8 23. Re3 Bc8 24. Rde1 Ne5 25. Nd1 Nc4 26. R3e2 Bxf5 27. exf5 Rxe2 28. Rxe2 Qd5 29. Ne3 Qd4 30. Qf3 Rf8 31. c3 Qd3 32. h3 Ne5 33. Qh5 Kg8 34. Re1 Qd2 35. Qd1 Qxd1 36. Rxd1 Ra8 37. f4 Nc4 38. Nxc4 bxc4 39. Rd4 a5 40. Rxc4 axb4 41. Rxb4 Ra5 42. g4 h5 43. Rb8+ Kf7 44. Rb7 Rc5 45. Kf2 hxg4 46. hxg4 Rc4 47. Ke3 Ke8 48. Rb8+ Ke7 49. Rg8 Kf7 50. Rc8 d5 51. Kd3 c6 52. b3 Rxf4 53. Rxc6 Rxg4 54. Rd6 g6 55. fxg6+ Rxg6 56. Rxd5 Ke6 57. Rd8 Rg3+ 58. Kc4 Rg4+ 59. Rd4 Rg8 60. b4 Rc8+ 61. Kb3 Ke5 62. Rd7 f5 63. b5 Rf8 64. Kb4 f4 65. Kc5 Rc8+ 66. Kb4 Rf8 67. Rd2 f3 68. Rf2 Kd6 69. c4 Rf4 70. Ka5 Kc5 71. b6 Rf7 72. Ka6 Rf6 73. Ka7 Rxb6 74. Rxf3 Rb4 75. Rf4 Rxc4 76. Rxc4+ Kxc4 1/2-1/2

[Event "2026 European Womens Championship"]
[Site "Batumi, GE"]
[Date "2026.06.05"]
[Round "11"]
[White "Matnadze Bujiashvili, Ann"]
[Black "Beydullayeva, Govhar"]
[Result "1/2-1/2"]
[Board "6"]
[TimeControl "5400+30"]
[WhiteFideId "13601377"]
[BlackFideId "13413015"]
[WhiteElo "2310"]
[BlackElo "2368"]
[WhiteTitle "IM"]
[BlackTitle "WGM"]
[WhiteClock "0:07:41"]
[BlackClock "0:09:38"]
[Variant "Standard"]

1. d4 Nf6 2. c4 e6 3. Nf3 d5 4. g3 Bb4+ 5. Bd2 Be7 6. Bg2 Nbd7 7. Qc2 c6 8. O-O O-O 9. Rc1 a5 10. a3 Ne4 11. Be1 Bd6 12. Nfd2 Nxd2 13. Nxd2 f5 14. Nf3 Qe7 15. Bd2 h6 16. Nh4 Qf6 17. e3 g5 18. Nf3 Qg7 19. b4 a4 20. b5 cxb5 21. cxd5 Nb6 22. Qb2 Nxd5 23. Qxb5 Bd7 24. Qb2 Bc6 25. Ne5 Bxe5 26. dxe5 Rad8 27. Rc4 Rd7 28. Re1 Rfd8 29. Ba5 Ra8 30. Bd2 Rad8 31. Ba5 Ra8 32. Bd2 Qf8 33. Rec1 Qd8 34. Be1 Ne7 35. h4 Bxg2 36. Kxg2 Nc6 37. Bb4 Rg7 38. hxg5 hxg5 39. Bd6 Rh7 40. f4 gxf4 41. exf4 Ra6 42. Qa2 Qe8 43. Qe2 Rb6 44. Bb4 Rb5 45. Rc5 Rxc5 46. Bxc5 Qd8 47. Rd1 Rd7 48. Bd6 Rh7 49. Bc5 Rd7 50. Bd6 Rh7 51. Bc5 1/2-1/2

[Event "2026 European Womens Championship"]
[Site "Batumi, GE"]
[Date "2026.06.05"]
[Round "11"]
[White "Zimina, Olga"]
[Black "Toncheva, Nadya"]
[Result "1/2-1/2"]
[Board "7"]
[TimeControl "5400+30"]
[WhiteFideId "4132190"]
[BlackFideId "2924056"]
[WhiteElo "2290"]
[BlackElo "2320"]
[WhiteTitle "IM"]
[BlackTitle "WGM"]
[WhiteClock "0:00:41"]
[BlackClock "0:04:34"]
[Variant "Standard"]

1. d4 d5 2. Nf3 Nf6 3. g3 Bf5 4. Bg2 e6 5. c4 c6 6. Nc3 h6 7. Qb3 Qb6 8. c5 Qxb3 9. axb3 Be7 10. b4 O-O 11. h3 a6 12. g4 Bh7 13. Bf4 Nbd7 14. Nd2 Rac8 15. Nb3 Bc2 16. Na5 b6 17. Nb7 a5 18. Nd6 Rcd8 19. Nb7 Ra8 20. b5 Rfc8 21. Rc1 Bg6 22. cxb6 Nxb6 23. O-O Bb4 24. bxc6 Rxc6 25. Nb5 Rxc1 26. Rxc1 Nc4 27. b3 Nd2 28. Nc5 Nfe4 29. Nxe4 Nxe4 30. Bxe4 Bxe4 31. Bd6 Ra6 32. Rc8+ Kh7 33. Bc5 Bb1 34. Na3 Ba2 35. Bxb4 axb4 36. Nc2 Rb6 37. Na1 Kg6 38. Rc2 Bb1 39. Rc1 Ba2 40. Rc2 Bb1 41. Rc1 Ba2 42. Rc2 1/2-1/2

[Event "2026 European Womens Championship"]
[Site "Batumi, GE"]
[Date "2026.06.05"]
[Round "11"]
[White "Tsolakidou, Stavroula"]
[Black "Socko, Monika"]
[Result "1-0"]
[Board "8"]
[TimeControl "5400+30"]
[WhiteFideId "4264312"]
[BlackFideId "1106619"]
[WhiteElo "2455"]
[BlackElo "2355"]
[WhiteTitle "IM"]
[BlackTitle "GM"]
[WhiteClock "0:14:09"]
[BlackClock "0:16:29"]
[Variant "Standard"]

1. e4 c5 2. Nf3 Nc6 3. Bb5 e6 4. O-O Nge7 5. Re1 a6 6. Bf1 d5 7. d3 d4 8. e5 Ng6 9. g3 b6 10. h4 Bb7 11. Bg2 Qc7 12. h5 Nge7 13. Nbd2 h6 14. Nc4 Nd5 15. Nfd2 b5 16. Bxd5 bxc4 17. Bg2 cxd3 18. cxd3 Be7 19. Nc4 O-O 20. Qg4 Kh8 21. a3 Nb8 22. Be4 Bxe4 23. Qxe4 Nd7 24. Bd2 Rab8 25. Ba5 Qb7 26. Qe2 Qc6 27. f4 Bd8 28. Bxd8 Rfxd8 29. Rac1 Rf8 30. Nd6 Qd5 31. Rf1 f6 32. Nc4 fxe5 33. fxe5 Rxf1+ 34. Rxf1 Kg8 35. g4 Rf8 36. Rxf8+ Nxf8 37. Qg2 Kf7 38. Qf2+ Ke7 39. g5 Nh7 40. gxh6 Ng5 41. hxg7 Nh3+ 42. Kf1 Nxf2 43. g8=Q Nh3 44. Qg7+ Kd8 45. Qf8+ Kc7 46. Qd6+ Qxd6 47. exd6+ Kd7 48. h6 Ng5 49. Kg2 e5 50. Kg3 e4 51. dxe4 Nxe4+ 52. Kf4 Nf6 53. Kf5 Nh7 54. Kg6 Nf8+ 55. Kg7 Ne6 56. Kg8 Ng5 57. Ne5+ Ke8 58. d7+ Ke7 59. d8=Q+ 1-0

[Event "2026 European Womens Championship"]
[Site "Batumi, GE"]
[Date "2026.06.05"]
[Round "11"]
[White "Khotenashvili, Bella"]
[Black "Iglesias, Yosha"]
[Result "1-0"]
[Board "9"]
[TimeControl "5400+30"]
[WhiteFideId "13602640"]
[BlackFideId "637823"]
[WhiteElo "2415"]
[BlackElo "2325"]
[WhiteTitle "GM"]
[BlackTitle "FM"]
[WhiteClock "0:32:57"]
[BlackClock "0:11:26"]
[Variant "Standard"]

1. Nf3 d5 2. g3 c6 3. Bg2 Bf5 4. b3 h6 5. Bb2 e6 6. O-O Nf6 7. d3 Be7 8. Nbd2 Bh7 9. Re1 O-O 10. e4 a5 11. a3 Nbd7 12. Qe2 b5 13. Nd4 Qb6 14. exd5 cxd5 15. N2f3 e5 16. Nxe5 Nxe5 17. Qxe5 Rae8 18. Qf4 Bd6 19. Qd2 Be5 20. Rxe5 Rxe5 21. Nxb5 Re7 22. a4 Rfe8 23. Bd4 Qe6 24. h3 Bf5 25. Kh2 Nd7 26. Nc7 Qc6 27. Nxd5 Qd6 28. Nxe7+ Rxe7 29. Bc3 Ne5 30. Re1 1-0

[Event "2026 European Womens Championship"]
[Site "Batumi, GE"]
[Date "2026.06.05"]
[Round "11"]
[White "Arabidze, Meri"]
[Black "Sieber, Fiona"]
[Result "1-0"]
[Board "10"]
[TimeControl "5400+30"]
[WhiteFideId "13604040"]
[BlackFideId "12902373"]
[WhiteElo "2409"]
[BlackElo "2224"]
[WhiteTitle "IM"]
[BlackTitle "WGM"]
[WhiteClock "0:01:37"]
[BlackClock "0:08:04"]
[Variant "Standard"]

1. c4 Nf6 2. g3 e6 3. Bg2 d5 4. cxd5 exd5 5. Nf3 Bd6 6. O-O O-O 7. d3 Re8 8. Nc3 a6 9. e4 dxe4 10. dxe4 Nc6 11. Re1 Bg4 12. h3 Bxf3 13. Bxf3 Ne5 14. Bg2 Bc5 15. Be3 Bxe3 16. Rxe3 c6 17. Qe2 Qb6 18. Kh1 Nfd7 19. Re1 f6 20. f4 Nf7 21. Nb1 Rad8 22. Na3 Qc7 23. Nc4 b5 24. Nd2 Nf8 25. Nf3 c5 26. b3 Ne6 27. Qf2 Qd6 28. e5 fxe5 29. Nxe5 Nxe5 30. Rxe5 Nc7 31. Kh2 Rxe5 32. Rxe5 Qd4 33. Qc2 Nd5 34. Re4 Qa1 35. Qxc5 Nf6 36. Re7 Qd1 37. Qc7 Kh8 38. Qe5 h6 39. Qe2 Qc1 40. Ra7 Re8 41. Qd3 Qe1 42. Qg6 Re7 43. Ra8+ Ng8 44. f5 Re2 45. Qc6 Re3 46. Qd6 Re2 47. Qd5 Re8 48. Rxe8 Qxe8 49. Qe6 Qxe6 50. fxe6 b4 51. Kg1 g5 52. Kf2 Kg7 53. Ke3 Ne7 54. Kd3 Nf5 55. g4 Nd6 56. Kd4 Nb5+ 57. Kc5 Kf6 58. Kxb4 Kxe6 59. Ka5 Kd6 60. b4 Nc3 61. a3 Nb5 62. a4 Nc3 63. Bb7 Kc7 64. Bxa6 Nd5 65. Bf1 Nc3 66. b5 Nd5 67. Bc4 Nf4 68. b6+ Kb8 69. Kb5 1-0

[Event "2026 European Womens Championship"]
[Site "Batumi, GE"]
[Date "2026.06.05"]
[Round "11"]
[White "Wagner, Dinara"]
[Black "Kobak, Polina"]
[Result "1-0"]
[Board "11"]
[TimeControl "5400+30"]
[WhiteFideId "24157570"]
[BlackFideId "24269727"]
[WhiteElo "2408"]
[BlackElo "1986"]
[WhiteTitle "IM"]
[BlackTitle "WFM"]
[WhiteClock "0:10:29"]
[BlackClock "0:01:04"]
[Variant "Standard"]

1. d4 d5 2. c4 e6 3. Nc3 c6 4. e4 dxe4 5. Nxe4 Bb4+ 6. Bd2 Qxd4 7. Bxb4 Qxe4+ 8. Be2 Na6 9. Bc3 f6 10. Nf3 Ne7 11. O-O O-O 12. Nd2 Qf4 13. Bf3 Rd8 14. b4 e5 15. Qe2 Nc7 16. Rad1 Bf5 17. Ne4 Bxe4 18. Bxe4 Ne6 19. g3 Qh6 20. b5 g6 21. bxc6 bxc6 22. f4 Qf8 23. fxe5 f5 24. Rd6 Ng5 25. Bg2 Qe8 26. e6 Rxd6 27. Qe5 Nxe6 28. Qxd6 Nc8 29. Qe5 Nb6 30. Re1 1-0

[Event "2026 European Womens Championship"]
[Site "Batumi, GE"]
[Date "2026.06.05"]
[Round "11"]
[White "Bivol, Alina"]
[Black "Danielian, Elina"]
[Result "1-0"]
[Board "12"]
[TimeControl "5400+30"]
[WhiteFideId "4100123"]
[BlackFideId "13300210"]
[WhiteElo "2361"]
[BlackElo "2390"]
[WhiteTitle "IM"]
[BlackTitle "GM"]
[WhiteClock "0:16:29"]
[BlackClock "0:13:31"]
[Variant "Standard"]

1. e4 d6 2. d4 Nf6 3. Nc3 g6 4. Be3 c6 5. f4 Ng4 6. Bc1 e5 7. Nf3 Qb6 8. h3 exd4 9. Qxd4 Qxd4 10. Nxd4 Nf6 11. Be3 Nbd7 12. O-O-O Nc5 13. e5 dxe5 14. fxe5 Nfd7 15. e6 Nxe6 16. Nxe6 fxe6 17. Ne4 Be7 18. Nd6+ Bxd6 19. Rxd6 Nb6 20. c4 O-O 21. Be2 e5 22. g4 Re8 23. b3 Be6 24. Rhd1 Rac8 25. a4 Rc7 26. a5 Nc8 27. R6d2 Kg7 28. Bf2 b6 29. Bg3 Bf7 30. a6 Kf6 31. Rf1+ Kg7 32. Bh4 Be6 33. Bf6+ Kg8 34. Bxe5 Rd7 35. Bg3 Ne7 36. Re1 Red8 37. Rxd7 Rxd7 38. Kc2 Kf7 39. Rf1+ Ke8 40. Rf6 Bf7 41. Bd3 Rd8 42. Kc3 Rc8 43. Rf2 Be6 44. Be4 Rd8 45. Bh4 Rc8 46. Kd4 Bf7 47. Re2 Be6 48. Bd5 cxd5 49. Rxe6 1-0

[Event "2026 European Womens Championship"]
[Site "Batumi, GE"]
[Date "2026.06.05"]
[Round "11"]
[White "Unuk, Laura"]
[Black "Kiolbasa, Oliwia"]
[Result "1/2-1/2"]
[Board "13"]
[TimeControl "5400+30"]
[WhiteFideId "14609215"]
[BlackFideId "1154613"]
[WhiteElo "2289"]
[BlackElo "2397"]
[WhiteTitle "IM"]
[BlackTitle "IM"]
[WhiteClock "0:04:09"]
[BlackClock "0:02:40"]
[Variant "Standard"]

1. Nf3 d5 2. g3 Nf6 3. Bg2 e6 4. c4 Bd6 5. d4 O-O 6. O-O Nbd7 7. Qc2 c6 8. Rd1 Re8 9. Nc3 dxc4 10. e4 Bf8 11. a4 a5 12. Qe2 Nb6 13. Ne5 Qe7 14. Be3 Qb4 15. Bd2 Qb3 16. Rdb1 Nfd7 17. Nf3 Ra6 18. Be1 Rd8 19. e5 Nd5 20. Ng5 h6 21. Nge4 b5 22. Bf1 b4 23. Nd1 N5b6 24. Ne3 Qd3 25. Qxd3 cxd3 26. Bxd3 Ra8 27. Rd1 Bb7 28. f4 c5 29. Bf2 cxd4 30. Nc2 Nc5 31. Nxc5 Bxc5 32. Be2 Be4 33. Nxd4 Rd5 34. Nb3 Bxf2+ 35. Kxf2 Rxd1 36. Bxd1 Nc4 37. Nc5 Bg6 38. b3 Rc8 39. Rc1 Nd2 40. Ke3 Ne4 41. Nd3 Nc3 42. Bf3 Bxd3 43. Kxd3 Kf8 44. Rc2 Ke7 45. h4 f6 46. exf6+ gxf6 47. g4 Rc5 48. Bb7 e5 49. fxe5 fxe5 50. Rg2 Ke6 51. g5 hxg5 52. hxg5 Kf7 53. g6+ Kg7 54. Be4 Rc8 55. Rg5 Rc5 56. Ke3 Nd1+ 57. Ke2 Nc3+ 58. Ke3 Nd1+ 59. Ke2 1/2-1/2

[Event "2026 European Womens Championship"]
[Site "Batumi, GE"]
[Date "2026.06.05"]
[Round "11"]
[White "Sliwicka, Alicja"]
[Black "Fataliyeva, Ulviyya"]
[Result "0-1"]
[Board "14"]
[TimeControl "5400+30"]
[WhiteFideId "1150677"]
[BlackFideId "13403052"]
[WhiteElo "2315"]
[BlackElo "2450"]
[WhiteTitle "WGM"]
[BlackTitle "IM"]
[WhiteClock "0:13:18"]
[BlackClock "0:02:48"]
[Variant "Standard"]

1. e4 e5 2. Nf3 Nc6 3. Bc4 Nf6 4. d3 h6 5. c3 d6 6. O-O g6 7. b4 Bg7 8. a4 O-O 9. a5 a6 10. Qb3 Ne7 11. Re1 g5 12. Be3 Ng6 13. Na3 Nh5 14. d4 Qf6 15. dxe5 dxe5 16. Bf1 Nhf4 17. Nd2 h5 18. b5 Rd8 19. Rad1 Bg4 20. f3 Be6 21. Ndc4 g4 22. Rxd8+ Rxd8 23. fxg4 Nh4 24. Rd1 Rxd1 25. Qxd1 Bxg4 26. Qc2 Qg6 27. Kh1 axb5 28. Nxb5 Be2 29. Bxf4 Bxf1 30. Bg3 Bxg2+ 31. Kg1 Bxe4 32. Qd1 Nf3+ 33. Kf2 Qf6 34. Ke2 Nxh2 35. Ke3 Nf1+ 36. Kxe4 Nxg3+ 37. Kd3 Qf5+ 0-1

[Event "2026 European Womens Championship"]
[Site "Batumi, GE"]
[Date "2026.06.05"]
[Round "11"]
[White "Kazarian, Anna-Maja"]
[Black "Javakhishvili, Lela"]
[Result "0-1"]
[Board "15"]
[TimeControl "5400+30"]
[WhiteFideId "1033689"]
[BlackFideId "13601458"]
[WhiteElo "2317"]
[BlackElo "2442"]
[WhiteTitle "FM"]
[BlackTitle "IM"]
[WhiteClock "0:28:50"]
[BlackClock "0:23:59"]
[Variant "Standard"]

1. e4 c5 2. Nf3 e6 3. d4 cxd4 4. Nxd4 Nc6 5. Nc3 a6 6. a3 d6 7. Be3 Nf6 8. Be2 Be7 9. f4 Qc7 10. O-O O-O 11. Kh1 Na5 12. Qd3 b5 13. b4 Nb7 14. e5 dxe5 15. fxe5 Nd7 16. Bf4 Nxe5 17. Qg3 f6 18. Ne4 Bd7 19. Bh6 g6 20. Bxf8 Rxf8 21. Rad1 Nd8 22. Rf2 Bc8 23. Rdf1 f5 24. Ng5 Bd6 25. Qh4 Qg7 26. Rd1 Be7 27. Qg3 h6 28. Nh3 g5 29. Qb3 Nef7 30. a4 bxa4 31. Qxa4 g4 32. Nf4 Ng5 33. Rff1 e5 34. Bc4+ Kh7 35. Nd5 exd4 36. Bxa6 Be6 37. Nxe7 Qxe7 38. Rxd4 Ndf7 39. Re1 Ne4 40. Bb7 Qxb7 41. c4 Ra8 42. Qc2 Nfg5 43. c5 Ra2 44. c6 Qa7 45. Qxa2 Qxa2 0-1

[Event "2026 European Womens Championship"]
[Site "Batumi, GE"]
[Date "2026.06.05"]
[Round "11"]
[White "Buksa, Nataliya"]
[Black "Gvetadze, Sofio"]
[Result "1-0"]
[Board "16"]
[TimeControl "5400+30"]
[WhiteFideId "14123622"]
[BlackFideId "13601440"]
[WhiteElo "2392"]
[BlackElo "2311"]
[WhiteTitle "IM"]
[BlackTitle "IM"]
[WhiteClock "0:03:24"]
[BlackClock "0:01:45"]
[Variant "Standard"]

1. e4 c5 2. Nf3 d6 3. d4 cxd4 4. Nxd4 Nf6 5. Nc3 Nc6 6. Bg5 e6 7. Qd2 Be7 8. O-O-O O-O 9. f4 Nxd4 10. Qxd4 Qa5 11. Kb1 Rd8 12. Bc4 e5 13. Qd3 exf4 14. Bxf4 Bg4 15. Rde1 Rac8 16. Bb3 Bh5 17. g4 Bg6 18. h4 h5 19. Nd5 Nxd5 20. Bxd5 Rd7 21. gxh5 Bxh5 22. Bg5 Bf8 23. Reg1 Rdc7 24. Rg2 Rc5 25. Bb3 Re8 26. Bh6 d5 27. Bxd5 Qb6 28. Bc1 Bg6 29. Rf1 Re7 30. Qh3 Rxe4 31. Rxg6 Rxd5 32. Rxb6 axb6 33. Qf3 f5 34. Qb3 Ree5 35. Rd1 1-0

[Event "2026 European Womens Championship"]
[Site "Batumi, GE"]
[Date "2026.06.05"]
[Round "11"]
[White "Efroimski, Marsel"]
[Black "Jarocka, Liwia"]
[Result "0-1"]
[Board "17"]
[TimeControl "5400+30"]
[WhiteFideId "2810964"]
[BlackFideId "21807558"]
[WhiteElo "2386"]
[BlackElo "2288"]
[WhiteTitle "IM"]
[BlackTitle "FM"]
[WhiteClock "0:01:39"]
[BlackClock "0:15:58"]
[Variant "Standard"]

1. e4 d6 2. d4 Nf6 3. Nc3 e5 4. Nf3 Nbd7 5. Rg1 h5 6. h3 c6 7. g4 hxg4 8. hxg4 exd4 9. Nxd4 Ne5 10. g5 Nfg4 11. f3 Qb6 12. Be2 Nh2 13. Be3 Qxb2 14. Kd2 d5 15. Rb1 Qa3 16. Rb3 Qa5 17. exd5 c5 18. Ndb5 c4 19. Bf4 cxb3 20. Bxe5 Bb4 21. a3 Bxc3+ 22. Nxc3 Bf5 23. Bb5+ Kf8 24. g6 Rd8 25. d6 Qb6 26. Qe2 Qxg1 27. gxf7 bxc2 28. Na2 Qd1+ 29. Qxd1 cxd1=Q+ 30. Kxd1 Nxf3 31. Bf4 Rh1+ 0-1

[Event "2026 European Womens Championship"]
[Site "Batumi, GE"]
[Date "2026.06.05"]
[Round "11"]
[White "Klek, Hanna Marie"]
[Black "Krasteva, Beloslava"]
[Result "1/2-1/2"]
[Board "18"]
[TimeControl "5400+30"]
[WhiteFideId "24670057"]
[BlackFideId "2922029"]
[WhiteElo "2369"]
[BlackElo "2285"]
[WhiteTitle "WGM"]
[BlackTitle "WGM"]
[WhiteClock "0:29:00"]
[BlackClock "0:28:24"]
[Variant "Standard"]

1. e4 d6 2. d4 Nf6 3. Nc3 e5 4. Nf3 Nbd7 5. Bc4 Be7 6. O-O O-O 7. a4 exd4 8. Nxd4 Re8 9. Re1 Bf8 10. a5 c6 11. Bg5 Re5 12. f4 Rxa5 13. Ba2 Qb6 14. Kh1 Qxb2 15. Nb3 Qxc3 16. Nxa5 Nc5 17. Qf3 Ncxe4 18. Qxc3 Nxc3 19. Bxf6 gxf6 20. Re8 Nb5 21. Rae1 Nc7 22. Rd8 Bf5 23. Rxa8 Nxa8 24. Nxb7 d5 25. c3 Nb6 26. Re3 h5 27. Rg3+ Kh7 28. Nd8 h4 29. Re3 c5 30. Nc6 Bd6 31. g3 Be4+ 32. Kg1 f5 33. Nxa7 d4 34. Rxe4 fxe4 35. Nb5 Be7 36. Bxf7 hxg3 37. hxg3 Bf6 38. cxd4 cxd4 39. Kf2 Na4 40. Bd5 Nc5 41. Nd6 e3+ 1/2-1/2

[Event "2026 European Womens Championship"]
[Site "Batumi, GE"]
[Date "2026.06.05"]
[Round "11"]
[White "Mkrtchian, Lilit"]
[Black "Safarli, Josefine"]
[Result "1-0"]
[Board "19"]
[TimeControl "5400+30"]
[WhiteFideId "13300601"]
[BlackFideId "12900460"]
[WhiteElo "2366"]
[BlackElo "2253"]
[WhiteTitle "IM"]
[BlackTitle "WGM"]
[WhiteClock "0:22:33"]
[BlackClock "0:46:29"]
[Variant "Standard"]

1. d4 Nf6 2. Nf3 d5 3. c3 e6 4. Bf4 Bd6 5. e3 O-O 6. Nbd2 b6 7. Ne5 c5 8. Bd3 Ba6 9. Bc2 Qc7 10. Bg3 Nc6 11. f4 Ne7 12. Bh4 Nf5 13. Bxf5 exf5 14. Bxf6 gxf6 15. Nef3 Rae8 16. Kf2 Bxf4 17. exf4 Re2+ 18. Qxe2 Bxe2 19. Kxe2 Qxf4 20. Rhe1 Re8+ 21. Kf2 Re4 22. Rad1 c4 23. g3 Qh6 24. Nxe4 fxe4 25. Nh4 f5 26. Ng2 f4 27. gxf4 f5 28. Kg1 Kf7 29. Re3 Qc6 30. a3 b5 31. Rh3 h6 32. Ne3 a5 33. Kh1 b4 34. axb4 axb4 35. Rh5 Qa4 36. Rxf5+ Ke6 37. Re5+ Kf7 38. Rf5+ Ke6 39. Rg1 bxc3 40. bxc3 Qa3 41. Re5+ Kf7 42. Nxd5 Qb2 43. Rxe4 Qf2 44. Re3 h5 45. h3 h4 46. Rg2 Qf1+ 47. Kh2 Kf8 48. Ra2 Qb1 49. Ra8+ Kf7 50. Re7+ Kg6 51. Ra6+ Kf5 52. Re5# 1-0

[Event "2026 European Womens Championship"]
[Site "Batumi, GE"]
[Date "2026.06.05"]
[Round "11"]
[White "Ismayil, Malak"]
[Black "Mkrtchyan, Mariam"]
[Result "0-1"]
[Board "20"]
[TimeControl "5400+30"]
[WhiteFideId "13412604"]
[BlackFideId "13310828"]
[WhiteElo "2122"]
[BlackElo "2365"]
[WhiteTitle "WIM"]
[BlackTitle "WGM"]
[WhiteClock "0:07:02"]
[BlackClock "0:15:25"]
[Variant "Standard"]

1. Nf3 d5 2. b3 c5 3. e3 g6 4. Bb2 Nf6 5. d4 cxd4 6. exd4 Bg7 7. Bd3 Nc6 8. Nbd2 O-O 9. O-O Nb4 10. Ne5 Nxd3 11. cxd3 Nh5 12. f4 Qb6 13. Kh1 f6 14. Ng4 Qe6 15. f5 gxf5 16. Nf2 Nf4 17. Ba3 Qf7 18. Qf3 Ng6 19. Rac1 Bh6 20. Rfd1 Be6 21. Rc7 b6 22. g4 f4 23. h4 Rfc8 24. Rdc1 Nxh4 25. Qh3 Bg5 26. Bxe7 Rxc7 27. Rxc7 Rc8 28. Rxc8+ Bxc8 29. Ba3 Qe6 30. Nf3 Qe2 31. Nxh4 Qxf2 32. Nf3 h5 33. Nxg5 Bxg4 34. Qh2 Qe1+ 35. Qg1 Qh4+ 36. Qh2 Qxg5 37. Qf2 f3 38. Qe1 Bd7 39. Qf2 Qf4 40. Bb4 Bh3 41. Bd2 Bg2+ 42. Kg1 Qg4 43. Be1 Kf7 44. b4 Qh3 45. Qh4 Qf5 46. Bf2 Ke6 47. Qg3 Qg5 48. Kh2 Qg4 49. a3 Kf5 50. a4 a6 51. Kg1 Qg5 52. Qc7 Bh3+ 53. Bg3 h4 54. Qd7+ Kg6 55. Qe8+ Kg7 56. Qe7+ Kh6 57. Qf8+ Kh5 58. Qe8+ Kg4 59. Bxh4 Kxh4+ 60. Kf2 Qg2+ 0-1

[Event "2026 European Womens Championship"]
[Site "Batumi, GE"]
[Date "2026.06.05"]
[Round "11"]
[White "Schneider, Jana"]
[Black "Bulmaga, Irina"]
[Result "1/2-1/2"]
[Board "21"]
[TimeControl "5400+30"]
[WhiteFideId "12924997"]
[BlackFideId "13903063"]
[WhiteElo "2283"]
[BlackElo "2361"]
[WhiteTitle "WGM"]
[BlackTitle "IM"]
[WhiteClock "0:10:24"]
[BlackClock "0:09:52"]
[Variant "Standard"]

1. e4 e5 2. Nf3 d6 3. d4 exd4 4. Nxd4 Nf6 5. Nc3 Be7 6. Bc4 O-O 7. O-O Re8 8. Re1 c6 9. a4 Bf8 10. a5 d5 11. exd5 Rxe1+ 12. Qxe1 cxd5 13. Bb3 Nc6 14. Nce2 h6 15. a6 Nxd4 16. Nxd4 bxa6 17. Bf4 Bd6 18. Nc6 Qc7 19. Bxd6 Qxd6 20. Ne7+ Kf8 21. Nxd5 Nxd5 22. Rd1 Bb7 23. Bxd5 Bxd5 24. Qd2 Rc8 25. c3 Rc5 26. b4 Rc6 27. g3 Ke7 28. Qe3+ Kd8 29. Qd4 Qd7 30. Qe5 Rd6 31. c4 f6 32. Qf4 g5 33. Qd4 Bf3 34. Qxd6 Bxd1 35. Qxf6+ Kc8 36. Qxa6+ Kb8 37. Qxh6 g4 38. h4 gxh3 39. Kh2 Bg4 40. Qf4+ Kc8 41. f3 Be6 42. c5 Qd1 43. g4 Bd5 44. Qf5+ Kc7 45. Kxh3 Qxf3+ 46. Qxf3 Bxf3 47. Kg3 Bxg4 48. Kxg4 Kc6 49. Kf3 a5 50. bxa5 Kxc5 51. a6 Kb6 52. a7 Kxa7 53. Ke4 1/2-1/2

[Event "2026 European Womens Championship"]
[Site "Batumi, GE"]
[Date "2026.06.05"]
[Round "11"]
[White "Milliet, Sophie"]
[Black "Skarbarchuk, Tetyana"]
[Result "1/2-1/2"]
[Board "22"]
[TimeControl "5400+30"]
[WhiteFideId "623725"]
[BlackFideId "14184494"]
[WhiteElo "2361"]
[BlackElo "2236"]
[WhiteTitle "IM"]
[WhiteClock "0:07:53"]
[BlackClock "0:01:29"]
[Variant "Standard"]

1. Nf3 d5 2. g3 c5 3. Bg2 Nf6 4. O-O e6 5. c4 d4 6. d3 h6 7. e3 Nc6 8. Na3 Be7 9. exd4 cxd4 10. Nc2 O-O 11. Re1 Re8 12. a3 a5 13. b3 Bf8 14. Bf4 g5 15. Be5 Bg7 16. b4 axb4 17. axb4 Rxa1 18. Qxa1 g4 19. Bxf6 Bxf6 20. Nd2 Ne5 21. Ne4 Bg7 22. Qd1 b6 23. c5 bxc5 24. Nxc5 h5 25. Qe2 h4 26. Ra1 h3 27. Bh1 Qg5 28. Ne1 Qg6 29. Qc2 Nd7 30. Qa4 Rd8 31. Qa5 Rf8 32. Qa7 Nxc5 33. bxc5 Be5 34. c6 f5 35. Qc5 Qg7 36. Ra7 Rf7 37. Rxf7 Kxf7 38. f4 Bc7 39. Nc2 Qh8 40. Kf1 Qd8 41. Qxd4 Qxd4 42. Nxd4 Ba6 43. Ke2 Ke7 44. Nc2 Kd6 45. Na3 Kc5 46. Ke3 Kb4 47. Nc4 Bxc4 48. dxc4 Kxc4 49. Ke2 Kc5 50. Kd3 Kd6 51. Ke2 Bb6 52. c7 Kxc7 53. Kf1 Be3 54. Ba8 Kd6 55. Bb7 Ke7 56. Bc8 Kf6 57. Bd7 Bd4 1/2-1/2

[Event "2026 European Womens Championship"]
[Site "Batumi, GE"]
[Date "2026.06.05"]
[Round "11"]
[White "Zherebtsova, Alexandra"]
[Black "Gaponenko, Inna"]
[Result "0-1"]
[Board "23"]
[TimeControl "5400+30"]
[WhiteFideId "24129518"]
[BlackFideId "14101181"]
[WhiteElo "2242"]
[BlackElo "2331"]
[WhiteTitle "FM"]
[BlackTitle "IM"]
[WhiteClock "0:30:25"]
[BlackClock "0:10:19"]
[Variant "Standard"]

1. c4 c5 2. Nf3 g6 3. g3 Bg7 4. Bg2 Nc6 5. Nc3 d6 6. d3 e5 7. a3 a5 8. Rb1 Nge7 9. Bd2 h6 10. Qc1 Be6 11. Nb5 Rc8 12. O-O b6 13. Ne1 d5 14. b3 Qd7 15. Nc2 h5 16. h4 d4 17. Qe1 O-O 18. b4 axb4 19. axb4 Bh3 20. bxc5 Bxg2 21. Kxg2 bxc5 22. Na1 Nf5 23. Rh1 Nd8 24. Nb3 Ne6 25. Qc1 Qb7+ 26. Kh2 e4 27. Na5 Qa8 28. dxe4 Qxe4 29. Qf1 Be5 30. f4 Bc7 31. Nxc7 Rxc7 32. Qg2 Qc2 33. Rhd1 Nh6 34. Rbc1 Ng4+ 35. Kg1 Qa4 36. f5 Ng7 37. Bf4 Qxa5 38. Ra1 Qb6 39. Rdb1 Qc6 40. Bxc7 Qxc7 41. fxg6 fxg6 42. Ra8 Rxa8 43. Qxa8+ Kh7 44. Qf3 Qe5 45. Rb7 Ne3 46. Qf4 Qxf4 47. gxf4 Nxc4 48. Rc7 Ne3 49. Rxc5 Nef5 50. Rd5 Ne6 51. Rd7+ Kh6 52. Kf2 Nxf4 53. Rd8 Kg7 54. Kf1 Ne6 55. Rd7+ Kf6 56. Kf2 Nxh4 57. e3 dxe3+ 58. Kxe3 Nf5+ 59. Kf2 g5 60. Ra7 g4 61. Kg2 Kg5 62. Ra5 Nf4+ 63. Kh1 g3 64. Rb5 Kg4 65. Rb4 Kf3 66. Rb1 Ne3 67. Ra1 g2+ 68. Kh2 Nf1+ 69. Rxf1+ gxf1=B 0-1